 Dungeon Crawl Stone Soup version 0.27.1-33-g824d729ab1 (webtiles) character file.

Game seed: 2172804152796948036

79 jlumianski the Skirmisher (level 4, -4/28 HPs)
             Began as a Gargoyle Monk on Dec 18, 2021.
             Was a Believer of Wu Jian.
             Slain by an ogre (9 damage)
             ... on level 4 of the Dungeon.
             The game lasted 00:09:07 (3286 turns).

jlumianski the Skirmisher (Gargoyle Monk)           Turns: 3286, Time: 00:09:07

Health: -4/28      AC:  7    Str: 15    XL:     4   Next: 37%
Magic:  12/14      EV: 12    Int: 11    God:    Wu Jian [**....]
Gold:   63         SH:  0    Dex: 12    Spells: 3/4 levels left

rFire    . . .     SeeInvis .   a - +0 hand axe
rCold    . . .     Faith    .   (no shield)
rNeg     + . .     Spirit   .   b - +0 robe
rPois    ∞         Reflect  .   m - +0 helmet
rElec    +         Harm     .   (no cloak)
rCorr    .         Rampage  .   i - +0 pair of gloves
Will     .....                  (no boots)
Stlth    ++........             h - amulet of regeneration
HPRegen  1.09/turn              g - ring of magical power
MPRegen  0.14/turn              (no ring)

@: no status effects
A: sickness immunity, AC +3, negative energy resistance 1, electricity
resistance, torment resistance 1, petrification resistance
a: Renounce Religion, Wall Jump


You were on level 4 of the Dungeon.
You worshipped Wu Jian.
Wu Jian was pleased with you.
You visited 1 branch of the dungeon, and saw 4 of its levels.

You collected 63 gold pieces.

Inventory:

Hand Weapons
 a - a +0 hand axe (weapon)
Missiles
 c - 28 sling bullets
 d - 79 stones (quivered)
Armour
 b - a +0 robe (worn)
 i - a +0 pair of gloves (worn)
 m - a +0 helmet (worn)
Jewellery
 g - a ring of magical power (left hand)
 h - an amulet of regeneration (around neck)
 j - an amulet of the acrobat
Wands
 k - a wand of flame (35)
Potions
 e - a potion of degeneration
 f - 2 potions of curing
 l - a potion of heal wounds
 n - a potion of cancellation {unknown}
 o - a potion of flight {unknown}
 p - a potion of lignification {unknown}
 q - a potion of berserk rage {unknown}


   Skills:
 + Level 3.6 Fighting
 + Level 3.6 Axes
 + Level 0.1 Throwing
 + Level 2.8 Dodging
 + Level 2.3 Stealth
 + Level 0.9 Spellcasting
 + Level 0.6 Necromancy


You had 3 spell levels left.
You knew the following spells:

 Your Spells              Type           Power      Damage    Failure   Level
a - Pain                  Necr           8%         1d4       24%         1

Your spell library contained the following spells:

 Spells                   Type           Power      Damage    Failure   Level
 Animate Skeleton         Necr           4%         N/A       24%         1
 Vampiric Draining        Necr           1%         2d6       58%         3


Dungeon Overview and Level Annotations

Branches:
Dungeon (4/15)
 Temple: D:4-7

Altars:
Gozag
Makhleb
Vehumet
Wu Jian


Innate Abilities, Weirdness & Mutations

You are immune to sickness and miasma.
Your stone body is resilient. (AC +3)
You are immune to poison.
You resist negative energy. (rN+)
You are resistant to electric shocks. (rElec)
You are resistant to unholy torment.
You are immune to petrification.


Message History

Casting: Pain (safe; 24% risk of failure)
Confirm with . or Enter, or press ? or * to list all spells.
Aiming: Pain (safe; 24% risk of failure)
Press: ? - help, Shift-Dir - straight line, f - you
Okay, then.
Okay, then.
You see here a goblin corpse.
Casting: Pain (safe; 24% risk of failure)
Confirm with . or Enter, or press ? or * to list all spells.
Aiming: Pain (safe; 24% risk of failure)
Press: ? - help, Shift-Dir - straight line, f - ogre
Aim: an ogre, wielding a +0 giant club (chance to affect: 38%)
The ogre writhes in agony.
Casting: Pain (safe; 24% risk of failure)
Confirm with . or Enter, or press ? or * to list all spells.
Aiming: Pain (safe; 24% risk of failure)
Press: ? - help, Shift-Dir - straight line, f/p - ogre
Aim: an ogre, wielding a +0 giant club (lightly wounded, chance to affect: 38%)
You miscast Pain.
You are very lightly contaminated with residual magic.
Nothing appears to happen.
Casting: Pain (safe; 24% risk of failure)
Confirm with . or Enter, or press ? or * to list all spells.
Aiming: Pain (safe; 24% risk of failure)
Press: ? - help, Shift-Dir - straight line, f/p - ogre
Aim: an ogre, wielding a +0 giant club (lightly wounded, chance to affect: 38%)
The ogre resists with some effort.
You lunge at the ogre.
You hit the ogre but do no damage.
The ogre is lightly wounded.
The ogre misses you.
Your magical contamination has completely faded away.
Aiming: Wall Jump
Press: ? - help, Dir - move target, p - ogre You attack the ogre from above.
You hit the ogre.
The ogre is moderately wounded.
The ogre hits you with a +0 giant club!!
Ouch! That really hurt!
* * * LOW HITPOINT WARNING * * *
The ogre hits you with a +0 giant club!
You die...

#..#.###.#
#..#...#.#
#..#.#.#.#
#..#.....#
##########..#######
#.......##.........
.........#.########
.......○°○.#
.(....#○@O.#
.......○°○+#
#...#._.#....#
#............#
##....#......#
#...........#
...#.........#
.......###+###
....##.


You could see an ogre.

Vanquished Creatures
  Jessica (D:2)
  2 dart slugs
  2 orcs (D:3)
  6 endoplasms
  2 giant cockroaches
  6 goblins
  5 hobgoblins
  3 kobolds
  A quokka (D:1)
  5 ball pythons
  3 bats
  2 frilled lizards (D:1)
  4 rats
42 creatures vanquished.

Vanquished Creatures (others)
  A fungus (D:1)
  A plant (D:1)
2 creatures vanquished.

Grand Total: 44 creatures vanquished

Notes
Turn   | Place    | Note
-------+----------+-------------------------------------------
     0 | D:1      | jlumianski the Gargoyle Monk began the quest for the Orb.
     0 | D:1      | Reached XP level 1. HP: 14/14 MP: 1/1
   292 | D:1      | Reached XP level 2. HP: 16/19 MP: 2/2
   342 | D:1      | Learned a level 1 spell: Pain
   505 | D:1      | Found a faded altar of an unknown god.
  1522 | D:2      | Reached XP level 3. HP: 20/23 MP: 3/3
  1723 | D:2      | You fall into a shaft and drop 1 floor!
  2312 | D:2      | Noticed Jessica
  2325 | D:2      | Killed Jessica
  2326 | D:2      | Reached XP level 4. HP: 24/28 MP: 5/5
  2804 | D:3      | Found an ornate altar of the Wu Jian Council.
  2864 | D:3      | Found a burning altar of Makhleb.
  2864 | D:3      | Found an opulent altar of Gozag.
  3200 | D:3      | Noticed a spectral centipede
  3200 | D:3      | Noticed a spectral black mamba
  3200 | D:3      | Noticed a spectral cane toad
  3201 | D:3      | Became a worshipper of the Wu Jian Council
  3201 | D:3      | Reached * piety under Wu Jian
  3201 | D:3      | Reached ** piety under Wu Jian
  3256 | D:4      | Found a radiant altar of Vehumet.
  3269 | D:4      | Noticed an ogre
  3286 | D:4      | Slain by an ogre

Illustrated notes

Levels and vault maps discovered:
D:1:      saegor_arrival_simple_b, layout_loops_ring,
          dreamdust_ecumenical_altar_hidden_monk_grotto,
          kennysheep_small_spiral, chequers_jeans
D:2:      layout_basic, uniq_jessica
D:3:      layout_loops_corners, gammafunk_temple_overflow_elements,
          pdpol_wu_jian_five_deadly_venoms
D:4:      cheibrodos_old_hovel, layout_basic, vehumet_altar_wand_db,
          minmay_temple_entry_stoned_glass

Skill      XL: |  1 |
---------------+----+-----
Axes           | 3 |  3.6
Fighting       | |  3.6
Throwing       | |  0.1
Dodging        | |  2.8
Stealth        | |  2.3
Spellcasting   | |  0.9
Necromancy     | |  0.6

Action                   |  1- 3 |  4- 6 || total
-------------------------+-------+-------++-------
Melee: Hand axe          |   110 |    17 ||   127
Throw: Stone             |     3 |       ||     3
 Cast: Pain              |    16 |     5 ||    21
Invok: Lunge             |       |     2 ||     2
 Abil: Wall Jump         |       |     1 ||     1
  Use: Scroll            |     5 |     1 ||     6
 Stab: Sleeping          |     3 |       ||     3
Armor: Robe              |    40 |     4 ||    44
Dodge: Dodged            |    55 |     8 ||    63
